 Dungeon Crawl Stone Soup version 0.30-a0-702-gdf48620a09 (webtiles) character file.

Game seed: 9950203983266497851

121 Darius099 the Covered (level 5, -2/33 HPs)
             Began as a Gargoyle Fighter on Jan 22, 2023.
             Slain by a wight
             ... wielding a +4 great sword of freezing
              (8 damage)
             ... on level 4 of the Dungeon.
             The game lasted 00:03:41 (2299 turns).

Darius099 the Covered (Gargoyle Fighter)            Turns: 2299, Time: 00:03:41

Health: -2/33      AC: 14    Str: 20    XL:     5   Next: 5%
Magic:  5/5        EV:  9    Int:  8    God:
Gold:   200        SH:  5    Dex: 14    Spells: 4/4 levels left

rFire   . . .      SeeInvis .    a - +0 flail
rCold   . . .      Faith    .    c - +0 buckler
rNeg    + . .      Spirit   .    b - +0 scale mail
rPois   ∞          Reflect  .    l - +0 helmet
rElec   +          Harm     .    r - +0 cloak
rCorr   .          Rampage  .    m - +0 pair of gloves {Dex+3}
Will    .....                    (no boots) Stlth
                                 (no amulet)
HPRegen 0.25/turn                s - ring of flight
MPRegen 0.09/turn                (no ring)

@: flying
A: sickness immunity, AC +4, negative energy resistance 1, electricity
resistance, torment resistance 1, petrification resistance
a: no special abilities


You were on level 4 of the Dungeon.
You visited 1 branch of the dungeon, and saw 4 of its levels.

You collected 200 gold pieces.

Inventory:

Hand Weapons
 a - a +0 flail (weapon)
Armour
 b - a +0 scale mail (worn)
 c - a +0 buckler (worn)
 l - a +0 helmet (worn)
 m - a +0 pair of gloves of dexterity (worn)
 r - a +0 cloak (worn)
Jewellery
 s - a ring of flight (left hand)
 w - a ring of magical power
Wands
 q - a wand of paralysis (7)
Scrolls
 e - 3 scrolls of identify
 f - 2 scrolls of enchant weapon
 g - a scroll of blinking {unknown}
 i - a scroll of noise {unknown}
 j - a scroll of teleportation {unknown}
 k - 2 scrolls of poison {unknown}
 o - 2 scrolls of enchant armour {unknown}
 p - 3 scrolls of amnesia {unknown}
 t - a scroll of butterflies {unknown}
 u - a scroll of acquirement {unknown}
 v - a scroll of fear {unknown}
Potions
 d - 2 potions of might
 h - a potion of ambrosia
 n - 2 potions of curing


   Skills:
 + Level 4.1 Fighting
 + Level 3.0 Maces & Flails
 + Level 4.2 Armour
 + Level 4.1 Shields


You had 4 spell levels left.
You didn't know any spells.
Your spell library contained the following spells:

 Spells                   Type           Power      Damage    Failure   Level
 Slow                     Hex            0%         N/A       83%         1


Dungeon Overview and Level Annotations

Branches:
Dungeon (4/15)
 Temple: D:4-7

Altars:


Innate Abilities, Weirdness & Mutations

You are immune to sickness and miasma.
Your stone body is resilient. (AC +4)
You are immune to poison.
You resist negative energy. (rN+)
You are resistant to electric shocks. (rElec)
You are resistant to unholy torment.
You are immune to petrification.


Message History

You fly downwards.
There is a stone staircase leading up here.
You completely miss the ball python. The ball python barely misses you. x2
You hit the ball python.
You kill the ball python!
You see here a ball python corpse.
A wight comes into view. It is wielding a +0 short sword.
The wight moves out of view.
A quokka comes into view.
A wight comes into view. It is wielding a +2 battleaxe.
A wight comes into view.
It is wielding a +4 great sword of freezing.
Found a wooden wand.
You block the wight's attack.
You closely miss the wight. The quokka closely misses you.
The wight hits you with a +0 short sword.
You closely miss the wight. You block the quokka's attack.
The wight hits you with a +0 short sword.
The quokka bites you. The wight closely misses you.
The wight attacks as you move away! The wight barely misses you.
The quokka bites you but does no damage.
You hit the quokka.
The quokka is severely wounded.
The quokka barely misses you.
You hit the quokka.
You kill the quokka!
You hit the wight but do no damage. The wight hits you with a +2 battleaxe!
You hit the wight.
The wight is moderately damaged.
The wight hits you with a +2 battleaxe.
The wight barely misses you. x2; The wight completely misses you.
You completely miss the wight.
The wight is moderately damaged.
You block the wight's attack.
The wight hits you but does no damage. x2
Sorry, you're not good enough to have a special ability.
You block the wight's attack. You block the wight's attack.
The wight attacks as you move away! The wight hits you with a +2 battleaxe.
* * * LOW HITPOINT WARNING * * *
The wight attacks as you move away!
The wight hits you with a +4 great sword of freezing!
You die...

#########
#.<.†...#
#.......#
#.......#
#.......#
#.......#
####.@###
. #zz#
...####z#
#......#
#####..#
#...#
##....
#...../
#.#......


You could see 3 wights.

Vanquished Creatures
  2 adders (D:3)
  4 dart slugs
  3 orcs (D:3)
  4 ball pythons
  5 endoplasms
  7 giant cockroaches
  6 goblins
  7 hobgoblins
  12 jackals
  11 kobolds
  4 quokkas
  5 bats
  3 frilled lizards
  8 rats
81 creatures vanquished.

Vanquished Creatures (others)
  A plant (D:2)
1 creature vanquished.

Grand Total: 82 creatures vanquished

Notes
Turn   | Place    | Note
-------+----------+-------------------------------------------
     0 | D:1      | Darius099 the Gargoyle Fighter began the quest for the Orb.
     0 | D:1      | Reached XP level 1. HP: 14/14 MP: 1/1
   124 | D:1      | Reached XP level 2. HP: 19/19 MP: 2/2
   502 | D:1      | Reached XP level 3. HP: 23/23 MP: 3/3
  1042 | D:2      | Reached XP level 4. HP: 29/29 MP: 4/4
  1050 | D:2      | Found a faded altar of an unknown god.
  1054 | D:2      | Got Plato's Catalogue of the Curse
  1963 | D:3      | Reached XP level 5. HP: 33/33 MP: 5/5
  2299 | D:4      | Slain by a wight

Illustrated notes

Levels and vault maps discovered:
D:1:      dpeg_arrival_lava_temple_mockup, layout_loops_cross
D:2:      layout_rooms, shapermc_ecumenical_altar_rom_forum,
          serial_park_tiny_pond
D:3:      layout_basic, serial_aquarium, aquarium_bridge_straight
          [aquarium_subvault_bridge, aquarium_subvault_window,
          aquarium_subvault_bridge, aquarium_subvault_wall], aquarium_window_2,
          aquarium_window_corner, aquarium_view_2d,
          minmay_randomly_rotated_circles
D:4:      layout_rooms, mainiacjoe_overflow_concentric_impassable,
          ebering_ghost_reflecting_pool

Skill      XL: |  1  2  3  4 |
---------------+-------------+-----
Armour         | 4 |  4.2
Shields        | 4 |  4.1
Fighting       | 4 |  4.1
Maces & Flails | 3 |  3.0

Action                   |  1- 3 |  4- 6 || total
-------------------------+-------+-------++-------
Melee: Flail             |   108 |    98 ||   206
  Use: Scroll            |       |     3 ||     3
Armor: Scale mail        |    67 |    50 ||   117
Dodge: Dodged            |    47 |    45 ||    92
Block: Buckler           |    41 |    30 ||    71

Table legend: (Time is in decaauts)
 A = Elapsed time spent in this place.
 B = Non-inter-level travel time spent in this place.
 C = Inter-level travel time spent in this place.
 D = Time resting spent in this place.
 E = Time spent auto-exploring this place.
 F = Levels seen in this place.
 G = Mean time per level.
                   A        B        C        D        E       F      G
               +--------+--------+--------+--------+--------+-----+--------+
         Total |   2362 |   2182 |    180 |      0 |   1613 |   4 |  590.5 |
       Dungeon |   2362 |   2182 |    180 |      0 |   1613 |   4 |  590.5 |
               +--------+--------+--------+--------+--------+-----+--------+

Top non-repeatable levels by time:
     D:1: 874 daAuts
     D:3: 840 daAuts
     D:2: 618 daAuts
     D:4: 29 daAuts
